 Dungeon Crawl Stone Soup version 0.13-a0-1660-ga2b9f94 (webtiles) character file.

842 Broomstick the Quickloader (level 7, -1/35 HPs)
             Began as a Kobold Hunter on June 18, 2013.
             Slain by Pikel
             ... wielding a +0,+1 whip of electrocution
              (23 damage)
             ... on Level 4 of the Dungeon.
             The game lasted 00:56:15 (3874 turns).

Broomstick the Quickloader (Kobold Hunter)          Turns: 3874, Time: 00:56:15

HP  -1/35        AC  4     Str 12      XL: 7   Next: 78%
MP   6/6         EV 14     Int  8      God:
Gold 208         SH  0     Dex 22      Spells:  0 memorised,  6 levels left

Res.Fire  : . . .   See Invis. : .   b - +1 crossbow
Res.Cold  : . . .   Warding    : .   M - +1 leather armour {rPois}
Life Prot.: . . .   Conserve   : .   (no shield)
Res.Poison: +       Res.Corr.  : .   (no helmet)
Res.Elec. : .       Clarity    : .   (no cloak)
Sust.Abil.: + .     Spirit.Shd : .   (no gloves)
Res.Mut.  : .       Stasis     : .   (no boots)
Res.Rott. : .       Flight     : .   (no amulet)
Saprovore : + + .                    E - ring of sustain abilities
                                     B - +5 ring of dexterity

@: slightly resistant to hostile enchantments, very stealthy
A: disease resistance, fangs 1, carnivore 3, -10% hp, saprovore 2, Int -1
a: no special abilities


You were on level 4 of the Dungeon.
You were full.

You visited 1 branch of the dungeon, and saw 4 of its levels.

You collected 188 gold pieces.

Inventory:

Hand weapons
 a - a +0,+2 sabre
 b - a +1,+1 crossbow (weapon)
 e - a -1,+2 orcish hand axe of freezing
 n - a +0,+0 hand axe
 p - a +0,+0 short sword
 q - a cursed -3,-3 dagger
 r - a -1,+0 orcish dagger
 s - a +0,+0 dagger
 D - a +0,+0 club
 L - a +3,+0 orcish dagger of electrocution
Missiles
 c - 12 bolts (quivered)
 m - 11 poisoned bolts
 v - 38 darts
 w - 2 darts of flame
Armour
 d - a +0 leather armour
 j - a +0 leather armour
 H - a +0 elven robe of positive energy
 M - a +1 leather armour of poison resistance (worn)
Magical devices
 K - a wand of slowing (13) {unknown}
Comestibles
 f - 2 meat rations
 i - 2 bread rations
 A - a slice of pizza
 F - an apple
Scrolls
 k - 2 scrolls of curse jewellery {unknown}
 l - 5 scrolls of identify
 o - a scroll of noise {unknown}
 t - a scroll of amnesia {unknown}
 x - 4 scrolls of teleportation {unknown}
 y - 4 scrolls of remove curse {unknown}
 z - a scroll of curse armour {unknown}
 C - a scroll of enchant weapon I {unknown}
 G - a scroll of curse weapon
Jewellery
 g - an uncursed ring of protection from fire
 B - a +5 ring of dexterity (left hand)
 E - a ring of sustain abilities (right hand)
 I - a +3 ring of strength {unknown}
Potions
 u - 2 potions of brilliance
 J - a potion of invisibility {unknown}
 N - a potion of might
 O - 2 potions of curing


   Skills:
 - Level 1.1 Fighting
 * Level 8.9 Crossbows
 - Level 2.4 Dodging
 + Level 6.9 Stealth


You had 6 spell levels left.
You didn't know any spells.

Dungeon Overview and Level Annotations

Branches:
Dungeon (4/27)
 Temple: D:4-7

Altars:

Annotations
D:3 Grinder
D:4 Pikel


Innate Abilities, Weirdness & Mutations

You recuperate from illness quickly.
You are small and have problems with some larger weapons.
You are carnivorous and can eat meat at any time.
You can eat rotten meat.
You have very sharp teeth.
You are dopey (Int -1).
You are frail (-10% HP).


Message History

Pikel looks even sicker.
Pikel is moderately wounded.
Firing (i - inventory. (,) - cycle):
c - 15 bolts (quivered)
Press: ? - help, Shift-Dir - straight line, f/p - Pikel
Aim: Pikel, wielding a runed whip and wearing a robe (heavily wounded, poisoned)
You shoot a bolt. The bolt hits Pikel.
Pikel is severely wounded.
Firing (i - inventory. (,) - cycle):
c - 14 bolts (quivered)
Press: ? - help, Shift-Dir - straight line, f/p - Pikel
Aim: Pikel, wielding a runed whip and wearing a robe (severely wounded, poisoned)
You shoot a bolt. The bolt hits Pikel.
Pikel is severely wounded.
Firing (i - inventory. (,) - cycle):
c - 13 bolts (quivered)
Press: ? - help, Shift-Dir - straight line, f/p - Pikel
Aim: Pikel, wielding a runed whip and wearing a robe (severely wounded, poisoned)
You shoot a bolt. The bolt hits Pikel.
Pikel is almost dead.
Pikel hits you with a runed whip!
You are electrocuted!
Ouch! That really hurt!
You die...

###.## #.# ###.#
#.# %>.(# #.# #.###
#.# #.# #.# #.# #.#
#.# #.#
..############.####
#....[.((@((...K@.#
..############.##.#
).# #.##.# ..#
#.##.# ..# #.##.#
..# #.##.# ..# #
#.##.# ..#....
#.##.# ..'.<..
#.##.#


You could see Pikel and a slave.

Vanquished Creatures
  Eustachio (D:4)
  2 slaves (D:4)
  Duvessa (D:4)
  Dowan (D:4)
  2 orc priests (D:3)
  A hound (D:4)
  3 worker ants (D:4)
  2 orc wizards (D:3)
  8 adders
  3 worms
  A giant gecko (D:3)
  7 orcs
  2 giant cockroaches
  6 goblins
  7 hobgoblins
  13 jackals
  4 quokkas
  A ball python (D:2)
  11 bats
  2 giant newts
  10 kobolds (D:1)
  An orc skeleton (D:4)
  12 rats
101 creatures vanquished.

Vanquished Creatures (others)
  A ball python (D:3)
  A kobold (D:2)
  A rat (D:1)
3 creatures vanquished.

Grand Total: 104 creatures vanquished

Notes
Turn   | Place    | Note
--------------------------------------------------------------
     0 | D:1      | Broomstick, the Kobold Hunter, began the quest for the Orb.
     0 | D:1      | Reached XP level 1. HP: 12/12 MP: 0/0
    37 | D:1      | Reached skill level 5 in Crossbows
   116 | D:1      | Reached XP level 2. HP: 14/17 MP: 1/1
   514 | D:1      | Reached XP level 3. HP: 14/21 MP: 2/2
  1163 | D:2      | Reached XP level 4. HP: 26/26 MP: 3/3
  1772 | D:3      | Reached skill level 6 in Crossbows
  1772 | D:3      | Reached XP level 5. HP: 23/30 MP: 4/4
  1839 | D:3      | Gained mutation: You have very sharp teeth. [potion of mutation]
  1839 | D:3      | Gained mutation: You are frail (-10% HP). [potion of mutation]
  1839 | D:3      | Gained mutation: You are dopey (Int -1). [potion of mutation]
  2020 | D:3      | Reached skill level 5 in Stealth
  2041 | D:3      | Reached XP level 6. HP: 13/31 MP: 5/5
  2221 | D:3      | Noticed Grinder
  2618 | D:3      | Reached skill level 7 in Crossbows
  2768 | D:4      | Noticed Duvessa
  2791 | D:4      | Killed Duvessa
  2795 | D:4      | Noticed Dowan
  2930 | D:4      | Killed Dowan
  2934 | D:4      | Reached XP level 7. HP: 35/35 MP: 6/6
  3106 | D:4      | Noticed a slave
  3106 | D:4      | Noticed a slave
  3107 | D:4      | Noticed a slave
  3158 | D:4      | Noticed Eustachio
  3162 | D:4      | Killed Eustachio
  3162 | D:4      | Reached skill level 8 in Crossbows
  3543 | D:4      | Killed a slave
  3788 | D:4      | Killed a slave
  3868 | D:4      | Noticed Pikel
  3874 | D:4      | Slain by Pikel

Action                   |  1- 3 |  4- 6 |  7- 9 || total
-------------------------+-------+-------+-------++-------
Melee: Short sword       |    18 |    22 |     1 ||    41
       Crossbow          |     8 |       |       ||     8
       Hand axe          |    12 |       |       ||    12
       Sabre             |       |       |    17 ||    17
 Fire: Crossbow          |    35 |    63 |    49 ||   147
Throw: Hand axe          |    11 |    26 |     7 ||    44
       Dagger            |     8 |    11 |     7 ||    26
       Dart              |     5 |    10 |    20 ||    35
       Club              |     5 |     7 |     2 ||    14
  Use: Potion            |       |     7 |     1 ||     8
       Scroll            |       |       |     2 ||     2
 Stab: Sleeping          |       |     3 |       ||     3
